 Dungeon Crawl Stone Soup version 0.21-a0-243-g597973d (webtiles) character file.

225 Alateas the Vexing (level 5, 0/24 HPs)
             Began as a Spriggan Enchanter on Sept 4, 2017.
             Slain by a slave (2 damage)
             ... led by Pikel
             ... on level 4 of the Dungeon.
             The game lasted 00:10:20 (5601 turns).

Alateas the Vexing (Spriggan Enchanter)             Turns: 5601, Time: 00:10:20

Health: 0/24       AC:  3    Str:  4    XL:     5   Next: 68%
Magic:  9/13       EV: 18    Int: 18    God:
Gold:   183        SH:  0    Dex: 16    Spells: 5/14 levels left

rFire    . . .     SeeInvis +   f - +2 dagger (drain)
rCold    . . .     Gourm    .   (shield restricted)
rNeg     . . .     Faith    .   b - +1 robe
rPois    .         Spirit   .   (helmet restricted)
rElec    .         Reflect  .   (no cloak)
rCorr    .         Harm     .   (gloves unavailable)
MR       .....                  (boots unavailable)
Stlth    +++.......             (no amulet)
HPRegen  0.08/turn              (no ring)
MPRegen  0.13/turn              (no ring)

@: very quick
A: unfitting armour, see invisible, herbivore 3, speed 3, slow metabolism 2
a: no special abilities


You were on level 4 of the Dungeon.
You were not hungry.

You visited 1 branch of the dungeon, and saw 4 of its levels.

You collected 183 gold pieces.

Inventory:

Hand Weapons
 a - a +1 dagger
 f - a +2 dagger of draining (weapon)
Armour
 b - a +1 robe (worn)
Wands
 h - a wand of digging (5/24)
 k - a wand of clouds (3/9)
Scrolls
 d - 2 scrolls of teleportation
 e - 4 scrolls of remove curse
 g - 2 scrolls of recharging
 j - 2 scrolls of amnesia
Potions
 i - a potion of curing {unknown}
 l - a potion of magic {unknown}
 n - a potion of brilliance {unknown}
Books
 c - a book of Maledictions

   Spells                             Type                      Level
   a - Corona                         Hexes                        1
   b - Ensorcelled Hibernation        Hexes/Ice                    2
   c - Confuse                        Hexes                        3
   d - Tukima's Dance                 Hexes                        3
   e - Dazzling Spray                 Conjuration/Hexes            3
Comestibles
 m - a bread ration


   Skills:
 - Level 1.1 Short Blades
 - Level 3.0 Dodging
 + Level 4.4 Stealth
 - Level 5.4 Spellcasting
 - Level 6.1 Hexes


You had 5 spell levels left.
You knew the following spells:

 Your Spells              Type           Power        Failure   Level  Hunger
a - Ensorcelled Hibernat  Hex/Ice        ###...       5%          2    #......
b - Corona                Hex            ####...      1%          1    None
c - Confuse               Hex            ####....     3%          3    ##.....
d - Tukima's Dance        Hex            ####....     3%          3    ##.....


Dungeon Overview and Level Annotations

Branches:
Dungeon (4/15)
 Temple: D:4-7

Altars:
Ru
Xom

Annotations:
D:4 Pikel


Innate Abilities, Weirdness & Mutations

You are very small and have problems with some larger weapons.
You are too small for most types of armour.
You have supernaturally acute eyesight. (SInv)
You are a herbivore.
You cover ground extremely quickly.
You need consume almost no food.


Message History

* * * LOW HITPOINT WARNING * * *
The slave misses you.
Unknown command.
Okay, then.
Unknown command.
You hit Pikel but do no damage. You drain Pikel!
Pikel is almost dead.
The slave misses you.
Unknown command.
You hit Pikel. You drain Pikel!
Pikel is almost dead.
The slave completely misses you. The slave barely misses you.
Unknown command.
The slave barely misses you.
You barely miss Pikel.
Pikel is almost dead.
The slave completely misses you. The slave hits you.
* * * LOW HITPOINT WARNING * * *
The slave hits you.
You die...

.# #.........# ##### ##
#.##..........#####.....
#.##..... ........S..#
#.##....######.....# #)#
#....#..#p....# #.#
#....#..#..#..# #.#
#.#.K...'..#..+ #.#
#.#....########
###.####.#@pp..+s_#
#........#pp#..#..#
#.#.######..#..#...
#.#.############....
#######%..........#..?....
#.........######......####
#.######### ######## #.#
#.#


You could see Pikel (confused) and 4 slaves.

Vanquished Creatures
  2 orc wizards (D:4)
  A worker ant (D:4)
  Robin (D:2)
  4 adders
  An adder skeleton (D:4)
  3 worms
  3 dart slugs
  4 leopard geckos
  An orc (D:4)
  2 ball pythons
  7 bats
  2 giant cockroaches
  15 goblins
  10 hobgoblins
  6 jackals
  2 frilled lizards
  5 kobolds
  7 rats
76 creatures vanquished.

Vanquished Creatures (others)
  A bat (D:1)
  A frilled lizard (D:1)
2 creatures vanquished.

Grand Total: 78 creatures vanquished

Notes
Turn   | Place    | Note
-------+----------+-------------------------------------------
     0 | D:1      | Alateas the Spriggan Enchanter began the quest for the Orb.
     0 | D:1      | Reached XP level 1. HP: 9/9 MP: 5/5
   436 | D:1      | Reached skill level 4 in Hexes
   436 | D:1      | Reached XP level 2. HP: 11/13 MP: 5/7
   440 | D:1      | Learned a level 2 spell: Ensorcelled Hibernation
  1809 | D:1      | Reached XP level 3. HP: 16/16 MP: 6/9
  1814 | D:1      | Learned a level 3 spell: Confuse
  1818 | D:1      | Learned a level 3 spell: Tukima's Dance
  1945 | D:1      | Found a shimmering altar of Xom.
  2343 | D:2      | Noticed Robin
  3353 | D:2      | Killed Robin
  3353 | D:2      | Reached skill level 5 in Hexes
  3353 | D:2      | Reached XP level 4. HP: 8/21 MP: 2/11
  4964 | D:3      | Reached XP level 5. HP: 22/24 MP: 13/13
  5195 | D:4      | Reached skill level 5 in Spellcasting
  5388 | D:4      | Reached skill level 6 in Hexes
  5561 | D:4      | Noticed a slave
  5562 | D:4      | Noticed Pikel
  5563 | D:4      | Noticed a slave
  5564 | D:4      | Noticed a slave
  5577 | D:4      | Noticed a slave
  5593 | D:4      | Found a sacrificial altar of Ru.
  5601 | D:4      | Slain by a slave

Vault maps used:
D:1:      shiori_arrival_elements, xom_teletrap_fun
D:2:      uniq_robin
D:4:      nicolae_overflow_hidden_temple, hangedman_ru_absence, uniq_pikel

Skill      XL: |  1  2  3  4  5 |
---------------+----------------+-----
Spellcasting   | 3 4 5 |  5.4
Hexes          | 4 5 6 |  6.1
Short Blades   | |  1.1
Dodging        | |  3.0
Stealth        | |  4.4

Action                   |  1- 3 |  4- 6 || total
-------------------------+-------+-------++-------
Melee: Dagger            |   135 |    81 ||   216
 Cast: Corona            |     8 |       ||     8
       Ensorcelled Hiber |    36 |    11 ||    47
       Confuse           |     3 |     2 ||     5
  Use: Scroll            |     3 |     4 ||     7
       Potion            |       |     1 ||     1
 Stab: Sleeping          |    21 |    20 ||    41
       Distracted        |     1 |       ||     1
       Confused          |       |     3 ||     3
  Eat: Royal jelly       |     1 |       ||     1
       Bread ration      |       |     1 ||     1
Armor: Robe              |    25 |     6 ||    31
       Skin              |       |     1 ||     1
Dodge: Dodged            |   137 |    47 ||   184

Table legend:
 A = Spawn XP
 B = Non-spawn XP
 C = Spawn XP percentage of total XP
 D = Spawn monster count
 E = Non-spawn monster count
 F = Spawn count percentage of total count
 G = Total turns spent on level
                    A         B        C        D         E        F      G
               +---------+---------+-------+---------+---------+-------+---------
         Total |      35 |     287 |  10.9 |      12 |      64 |  15.8 |  5601
               +---------+---------+-------+---------+---------+-------+---------
           D:1 |      12 |      55 |  17.9 |       6 |      29 |  17.1 |  3127
           D:2 |      17 |      49 |  25.8 |       3 |      12 |  20.0 |   952
           D:3 |       4 |      61 |   6.2 |       2 |      17 |  10.5 |  1010
           D:4 |       2 |     122 |   1.6 |       1 |       6 |  14.3 |   512
               +---------+---------+-------+---------+---------+-------+---------
